 Dungeon Crawl Stone Soup version 0.30.0-20-g3b4254fcbd (webtiles) character file.

Game seed: 8900519535232432551

30249 cheesebisquit the Grappler (level 13, -11/137 HPs)
             Began as a Troll Monk on June 2, 2023.
             Mangled by a caustic shrike simulacrum (26 damage)
             ... in an ice cave.
             The game lasted 00:53:49 (14260 turns).

cheesebisquit the Grappler (Troll Monk)            Turns: 14260, Time: 00:53:50

Health: -11/137    AC: 15    Str: 24    XL:     13   Next: 19%
Magic:  12/12      EV:  8    Int:  8    God:
Gold:   774        SH:  9    Dex: 12    Spells: 5/12 levels left

rFire   . .          .
                       - Unarmed
rCold   + . .        N - +2 kite shield {reflect}
rNeg    + . .        F - +4 acid dragon scales
rPois   .            (helmet restricted)
rElec   .            q - +2 cloak {rCorr}
rCorr   +            (gloves unavailable)
SInv    .            (boots unavailable)
Will    .....        (no amulet)
Stlth   +            C - ring of positive energy
HPRegen 1.22/turn    L - ring of protection from cold
MPRegen 0.13/turn

%: reflection
@: no status effects
A: large, unfitting armour, claws 3, regeneration 1, shaggy fur 1, tough skin 1
a: no special abilities


You were in an ice cave.
You visited 2 branches of the dungeon, and saw 15 of its levels.
You also visited: Ice Cave.

You collected 834 gold pieces.
You spent 60 gold pieces at shops.

Inventory:

Hand Weapons
 v - a +1 morningstar of electrocution
Missiles
 a - 12 large rocks
 g - 4 atropa-tipped darts
 i - 35 poisoned darts (quivered)
 p - 4 javelins
 r - 5 silver boomerangs
 I - 6 boomerangs
Armour
 q - a +2 cloak of preservation (worn)
 F - +4 acid dragon scales (worn)
 N - a +2 kite shield of reflection (worn)
Jewellery
 C - a ring of positive energy (left claw)
 L - a ring of protection from cold (right claw)
 M - a ring of protection from fire
 O - an amulet of faith
 P - a ring of positive energy
Wands
 s - a wand of mindburst (19)
 x - a wand of flame (30)
 E - a wand of polymorph (10)
 H - a wand of digging (11)
 K - a wand of paralysis (5)
Scrolls
 c - a scroll of silence {unknown}
 d - a scroll of blinking
 f - 2 scrolls of fear
 j - a scroll of vulnerability
 k - 2 scrolls of magic mapping
 l - a scroll of brand weapon
 m - 4 scrolls of poison
 u - a scroll of immolation
 w - 3 scrolls of teleportation
 y - 2 scrolls of fog
 z - 2 scrolls of amnesia
Potions
 b - a potion of brilliance
 e - 3 potions of invisibility
 h - 7 potions of curing
 n - 3 potions of lignification
 o - 3 potions of degeneration
 t - 9 potions of ambrosia
 A - 3 potions of magic
 B - 3 potions of mutation
 D - 3 potions of attraction
 G - 2 potions of cancellation
 J - a potion of flight {unknown}


   Skills:
 + Level 11.6 Fighting
 + Level 11.1 Throwing
 - Level 2.4 Dodging
 + Level 1.1 Shields
 + Level 14.2 Unarmed Combat


You had 5 spell levels left.
You knew the following spells:

 Your Spells              Type           Power      Damage    Failure   Level
a - Blink                 Tloc           0%         N/A       89%         2
b - Lesser Beckoning      Tloc           0%         N/A       89%         2
c - Gell's Gravitas       Tloc           0%         N/A       98%         3

Your spell library contained the following spells:

 Spells                   Type           Power      Damage    Failure   Level
 Beastly Appendage        Tmut           0%         N/A       78%         1
 Foxfire                  Conj/Fire      0%         2x1d4     78%         1
 Freeze                   Ice            0%         1d3       78%         1
 Sting                    Tmut/Pois      0%         1d3       78%         1
 Ensorcelled Hibernation  Hex/Ice        0%         N/A       89%         2
 Passwall                 Tmut/Erth      0%         N/A       89%         2
 Poisonous Vapours        Pois/Air       0%         N/A       89%         2
 Scorch                   Fire           0%         2d5       89%         2
 Wereblood                Tmut           0%         N/A       89%         2
 Frozen Ramparts          Ice            0%         1d1       98%         3
 Hailstorm                Conj/Ice       0%         3d3       98%         3
 Spider Form              Tmut/Pois      0%         N/A       98%         3
 Swiftness                Air            0%         N/A       98%         3
 Teleport Other           Tloc           0%         N/A       98%         3
 Flame Wave               Conj/Fire      0%         2d4       100%        4
 Olgreb's Toxic Radiance  Pois           0%         N/A       100%        4
 Blade Hands              Tmut           0%         N/A       100%        5
 Fireball                 Conj/Fire      0%         3d3       100%        5
 Irradiate                Conj/Tmut      0%         3d11      100%        5
 Dispersal                Tloc           0%         N/A       100%        6
 Plasma Beam              Fire/Air       0%         2x1d11    100%        6
 Starburst                Conj/Fire      0%         6d3       100%        6
 Summon Cactus Giant      Summ           0%         N/A       100%        6
 Dragon Form              Tmut           0%         N/A       100%        7


Dungeon Overview and Level Annotations

Branches:
Dungeon (14/15)            Temple (1/1) D:4            Lair (0/5) D:8
    Orc (0/2) D:10          IceCv (1/1)
 Vaults: D:13-14

Altars:
Ashenzari
Cheibriados
Dithmenos
Elyvilon
Fedhas
Gozag
Hepliaklqana
Kikubaaqudgha
Makhleb
Nemelex Xobeh
Okawaru
Qazlal
Ru
Sif Muna
Trog
Uskayaw
Vehumet
Wu Jian
Xom
Yredelemnul
Zin
The Shining One

Shops:
D:1 :   D:5 :


Innate Abilities, Weirdness & Mutations

You are too large for most types of armour.
You have claws for hands.
Your natural rate of healing is unusually fast.
You are covered in fur. (AC +1)
You have tough skin. (AC +1)


Message History

The harpy simulacrum claws you but does no damage.
You block the harpy simulacrum's attack.
The harpy simulacrum closely misses you.
The harpy simulacrum claws you. The harpy simulacrum freezes you! You resist.
You scratch the harpy simulacrum.
The harpy simulacrum is almost destroyed.
The harpy simulacrum claws you. The harpy simulacrum freezes you. You resist.
The harpy simulacrum barely misses you.
The harpy simulacrum claws you but does no damage. x2
You barely miss the harpy simulacrum.
The harpy simulacrum is almost destroyed.
You block the harpy simulacrum's attack. x2
The harpy simulacrum barely misses you. The harpy simulacrum claws you.
The harpy simulacrum freezes you. You resist.
You claw the harpy simulacrum!
The harpy simulacrum vaporises!
The caustic shrike simulacrum claws you!!
The caustic shrike simulacrum freezes you!
You resist.
You mangle the caustic shrike simulacrum!!
The caustic shrike simulacrum is severely damaged.
The caustic shrike simulacrum claws you.
The caustic shrike simulacrum freezes you!
You resist.
The caustic shrike simulacrum claws you but does no damage.
The caustic shrike simulacrum attacks as you move away!
The caustic shrike simulacrum claws you but does no damage.
The caustic shrike simulacrum claws you.
* * * LOW HITPOINT WARNING * * *
The caustic shrike simulacrum freezes you!!
You resist.
* * * LOW HITPOINT WARNING * * *
There is an ice choked empty arch of ancient stone here.
The caustic shrike simulacrum attacks as you move away!
You block the caustic shrike simulacrum's attack.
The caustic shrike simulacrum claws you.
* * * LOW HITPOINT WARNING * * *
The caustic shrike simulacrum freezes you!!
You resist.
You die... #.......# ....... ..ZZ. .ZZ

##°##
##..Z##
##..Z..##
#..ZZ...#
#...@...#
#.......#
#...∩...#
#.......#
#########


You could see 2 anaconda simulacra, 2 alligator simulacra, a dire elephant
simulacrum, a harpy simulacrum and 2 caustic shrike simulacra.

Vanquished Creatures
  3 two-headed ogres
  3 boulder beetles
  3 tengu warriors
  A deep elf pyromancer (D:12)
  3 cyclopes (D:12)
  A manticore (D:12)
  An ugly thing (D:12)
  Maurice (D:9)
  7 gargoyles
  2 komodo dragons
  A yaktaur (shapeshifter) (D:13)
  An unseen horror (D:11)
  An efreet (D:8)
  A tengu conjurer (D:13)
  6 trolls
  3 meliai (D:12)
  A queen bee (D:12)
  A hornet (D:8)
  6 slime creatures
  3 vampires
  2 wyverns
  A water elemental (D:12)
  6 wraiths
  30 yaks
  5 humans (D:6)
  Grum (D:9)
  A basilisk (D:12)
  5 steam dragons
  6 vampire mosquitoes (D:12)
  3 acid dragons
  2 harpy simulacra (IceCv)
  4 water moccasins
  2 ice beasts
  3 orc warriors (D:8)
  3 sky beasts
  3 wolves (D:9)
  An ogre (D:5)
  4 centaurs
  2 kobold brigands
  4 bullfrogs (D:8)
  3 gnoll sergeants
  2 scorpions
  13 wights
  36 killer bees
  2 electric eels (D:12)
  7 howler monkeys
  A hound (D:4)
  3 jellies
  5 orc priests
  4 gnoll boudas
  8 iguanas
  3 sleepcaps
  9 orc wizards
  12 adders
  30 gnolls
  2 shadow imps
  2 white imps
  2 worms
  A dart slug (D:3)
  49 orcs
  11 ball pythons
  8 endoplasms
  4 giant cockroaches
  6 goblins
  5 hobgoblins
  10 jackals (D:4)
  A quokka (D:1)
  2 bats
  A frilled lizard (D:2)
  20 kobolds
  6 rats
405 creatures vanquished.

Notes
Turn   | Place    | Note
-------+----------+-------------------------------------------
     0 | D:1      | cheesebisquit the Troll Monk began the quest for the Orb.
     0 | D:1      | Reached XP level 1. HP: 22/22 MP: 0/0
   148 | D:1      | Reached XP level 2. HP: 29/29 MP: 1/1
   257 | D:1      | Found Agewolor's Book Boutique.
   797 | D:2      | Reached skill level 4 in Unarmed Combat
   808 | D:2      | Reached XP level 3. HP: 19/36 MP: 2/2
  1655 | D:3      | Reached XP level 4. HP: 43/44 MP: 3/3
  1731 | D:3      | Reached skill level 5 in Unarmed Combat
  2089 | D:3      | Found an opulent altar of Gozag.
  2455 | D:4      | Noticed a steam dragon
  2461 | D:4      | Reached XP level 5. HP: 52/52 MP: 4/4
  2467 | D:4      | Killed a steam dragon
  2468 | D:4      | Reached XP level 6. HP: 36/61 MP: 5/5
  2507 | D:4      | Reached skill level 6 in Unarmed Combat
  2516 | D:4      | Identified the +2 leather armour of Creativity {rCorr Dex+5
                  | Slay+3}
  2618 | D:4      | Found a shadowy altar of Dithmenos.
  2833 | D:4      | Found a staircase to the Ecumenical Temple.
  2842 | Temple   | Entered the Ecumenical Temple
  3168 | D:4      | Reached XP level 7. HP: 71/71 MP: 6/6
  3462 | D:5      | Entered Level 5 of the Dungeon
  3483 | D:5      | Reached skill level 7 in Unarmed Combat
  3550 | D:5      | Reached skill level 5 in Fighting
  3902 | D:5      | Reached XP level 8. HP: 69/81 MP: 7/7
  4045 | D:5      | Found Jezxiurr's Tiny Tomes.
  4055 | D:5      | Bought the Parchment of Direction for 60 gold pieces
  4058 | D:5      | Learned a level 2 spell: Blink
  4061 | D:5      | Learned a level 2 spell: Lesser Beckoning
  4065 | D:5      | Learned a level 3 spell: Gell's Gravitas
  4491 | D:5      | Reached skill level 1 in Throwing
  4491 | D:5      | Reached skill level 8 in Unarmed Combat
  4776 | D:6      | Reached XP level 9. HP: 79/92 MP: 8/8
  4852 | D:6      | Reached skill level 9 in Unarmed Combat
  5908 | D:7      | Reached skill level 5 in Throwing
  6269 | D:8      | Reached skill level 10 in Unarmed Combat
  6289 | D:8      | Reached XP level 10. HP: 69/104 MP: 9/9
  6483 | D:8      | Noticed a two-headed ogre
  6498 | D:8      | Killed a two-headed ogre
  6520 | D:8      | Noticed a gargoyle
  6529 | D:8      | Killed a gargoyle
  6888 | D:8      | Reached skill level 11 in Unarmed Combat
  7361 | D:8      | Found a staircase to the Lair.
  7456 | D:8      | Found a snail-covered altar of Cheibriados.
  7755 | D:8      | Reached XP level 11. HP: 80/115 MP: 10/10
  8210 | D:8      | Noticed a two-headed ogre
  8228 | D:8      | Killed a two-headed ogre
  8342 | D:9      | Noticed Grum
  8361 | D:9      | Killed Grum
  8591 | D:9      | Noticed Maurice
  8648 | D:9      | Killed Maurice
  8733 | D:9      | Reached skill level 12 in Unarmed Combat
  8917 | D:9      | Found a glowing golden altar of the Shining One.
  8970 | D:9      | Found a stormy altar of Qazlal.
  9218 | D:10     | Entered Level 10 of the Dungeon
  9600 | D:10     | Found a staircase to the Orcish Mines.
  9618 | D:10     | Found a sacrificial altar of Ru.
  9828 | D:10     | Reached skill level 10 in Fighting
 10613 | D:11     | Noticed a boulder beetle
 10627 | D:11     | Killed a boulder beetle
 10662 | D:11     | Reached XP level 12. HP: 126/126 MP: 11/11
 11480 | D:12     | Reached skill level 13 in Unarmed Combat
 11499 | D:12     | Noticed a boulder beetle
 11531 | D:12     | Killed a boulder beetle
 11532 | D:12     | Reached skill level 10 in Throwing
 11602 | D:12     | Noticed a two-headed ogre
 11609 | D:12     | Killed a two-headed ogre
 12204 | D:12     | Noticed a boulder beetle
 12215 | D:12     | Killed a boulder beetle
 12734 | D:13     | Noticed a tengu warrior
 12735 | D:13     | Noticed a tengu warrior
 13114 | D:12     | Reached XP level 13. HP: 130/137 MP: 12/12
 13124 | D:12     | Reached skill level 14 in Unarmed Combat
 13821 | D:13     | Reached skill level 1 in Shields
 13843 | D:13     | Identified the +4 chain mail of Action {rElec rF- Dex+3}
 14243 | D:14     | Found a frozen archway.
 14247 | IceCv    | Entered an ice cave
 14260 | IceCv    | Mangled by a caustic shrike simulacrum

Illustrated notes

Levels and vault maps discovered:
D:1:      roderic_crop_circles_arrival_small, layout_loops_ring, serial_shops,
          shop, kennysheep_minor_cross
D:2:      layout_loops_ring, serial_forest, infiniplex_forest_corner_2,
          infiniplex_forest_clump_diagonal, infiniplex_forest_lined_2,
          infiniplex_forest_straight_4, infiniplex_forest_corner_1,
          minmay_misc_feat_plants, kennysheep_another_room,
          kennysheep_generic_room_2
D:3:      layout_loops_ring, grunt_gozag_breadcrumbs, grunt_decor_junction
D:4:      layout_cave_pools, nicolae_overflow_crystal_walls,
          minmay_temple_entry_junction, kennysheep_cross_room,
          chequers_serial_rivers_marsh, minmay_pentangle
D:5:      layout_loops_ring, nicolae_shop_i_like_small_books_too,
          amcnicky_mini_rare_corridor_liquid
D:6:      layout_cave_pools, minmay_ruffians
D:7:      layout_basic
D:8:      minmay_slanted_spiral_squares, layout_layer_cave,
          lemuel_crystal_altar, grunt_lair_entry_orc_guard_hut,
          nicolae_benzene_ring, minmay_joined_circles
D:9:      layout_cave_pools, tso_metal_star, nicolae_qazlal_eye_of_the_storm,
          hangedman_decor_lopped, nicolae_underground_beach, uniq_maurice,
          uniq_grum
D:10:     layout_grid_maze, nicolae_ru_the_path_less_chosen, orc_0_dummy
D:11:     layout_basic
D:12:     layout_basic, special_room [special_room_bee], minmay_alternating_orb
D:13:     layout_irregular_city, minivault_5
D:14:     layout_stronghold, grunt_vaults_entry_tiered, serial_shops,
          shop_coins, portal_ice_cave_entry_pillars_three, kennysheep_crisscross
Temple:   minmay_temple_bridge_d
IceCv:    ice_cave_statue_garden_chambered

Skill      XL: |  1  2  3  4  5  6  7  8  9 10 11 12 13 |
---------------+----------------------------------------+-----
Unarmed Combat | 4 5 6 7 8 10 11 12 13 14 | 14.2
Fighting       | 3 4 5 6 7 9 10 11 | 11.6
Throwing       | 3 5 7 9 10 11 | 11.1
Shields        | 1 |  1.1
Dodging        | |  2.4

Action                     |  1- 3 |  4- 6 |  7- 9 | 10-12 | 13-15 || total
---------------------------+-------+-------+-------+-------+-------++-------
  Melee: Unarmed           |    58 |   129 |   258 |   537 |    60 ||  1042
  Throw: Dart              |     2 |    10 |     1 |   126 |     9 ||   148
         Boomerang         |       |       |    91 |       |       ||    91
         Throwing net      |       |       |     2 |     4 |       ||     6
  Evoke: Wand              |       |       |       |     2 |       ||     2
    Use: Potion            |     1 |       |       |    14 |     1 ||    16
         Scroll            |       |       |    18 |    17 |     1 ||    36
   Stab: Held in net/web   |       |       |     2 |     2 |       ||     4
 Armour: Robe              |    10 |    25 |    38 |    46 |       ||   119
         Acid dragon scale |       |       |       |   138 |    30 ||   168
         Steam dragon scal |       |       |       |     2 |       ||     2
         Skin              |       |       |       |     2 |       ||     2
  Dodge: Dodged            |    29 |    36 |    87 |   259 |    23 ||   434
  Block: Kite shield       |       |       |       |       |    15 ||    15
